 Dungeon Crawl Stone Soup version 0.23.0 (webtiles) character file.

Game seed: 6454066832750617829

426 Murks the Cutter (level 6, -1/33 HPs)
             Began as a Vine Stalker Fighter on Feb 19, 2019.
             Killed by divine providence
             ... invoked by an orc priest
              (7 damage)
             ... on level 5 of the Dungeon.
             The game lasted 00:09:06 (3891 turns).

Murks the Cutter (Vine Stalker Fighter)             Turns: 3891, Time: 00:09:07

Health: -1/33      AC:  6    Str: 18    XL:     6   Next: 97%
Magic:  0/11       EV:  7    Int: 10    God:
Gold:   166        SH:  9    Dex: 14    Spells: 11/11 levels left

rFire    . . .     SeeInvis .   a - +0 rapier
rCold    . . .     Gourm    .   c - +0 shield
rNeg     . . .     Faith    .   b - +0 scale mail
rPois    .         Spirit   +   (no helmet)
rElec    .         Reflect  .   (no cloak)
rCorr    .         Harm     .   (no gloves)
MR       .....                  (no boots)
Stlth    +.........             (no amulet)
HPRegen  0.51/turn              e - ring of stealth
MPRegen  0.12/turn              (no ring)

@: no status effects
A: fangs 2, regeneration 1, magic shield, antimagic bite, no potion heal 3, rot
immunity
a: no special abilities


You were on level 5 of the Dungeon.
You were not hungry.

You visited 2 branches of the dungeon, and saw 6 of its levels.

You collected 166 gold pieces.

Inventory:

Hand Weapons
 a - a +0 rapier (weapon)
 o - a +0 club
Armour
 b - a +0 scale mail (worn)
 c - a +0 shield (worn)
Jewellery
 e - a ring of stealth (left hand)
 s - a cursed -4 ring of dexterity {unknown}
 u - an uncursed ring of flight {unknown}
 v - a +3 ring of evasion {unknown}
 w - an uncursed amulet of guardian spirit {unknown}
Wands
 x - a wand of iceblast (9)
Scrolls
 g - 4 scrolls of identify
 h - 5 scrolls of immolation {unknown}
 l - a scroll of remove curse {unknown}
 q - a scroll of random uselessness {unknown}
 r - 2 scrolls of teleportation {unknown}
Potions
 d - 2 potions of heal wounds {unknown}
 i - 2 potions of mutation {unknown}
 j - a potion of lignification {unknown}
 k - 4 potions of curing {unknown}
 m - a potion of magic {unknown}
 n - a potion of resistance {unknown}
 p - 2 potions of might
 t - a potion of flight {unknown}
Comestibles
 f - 13 rations
 z - 2 chunks of flesh


   Skills:
 - Level 4.0 Fighting
 * Level 4.9 Short Blades
 - Level 2.4 Armour
 + Level 0.1 Stealth
 - Level 2.6 Shields
 - Level 3.1 Spellcasting


You had 11 spell levels left.
You didn't know any spells.
Your spell library contained the following spells:

 Spells                   Type           Power        Failure   Level  Hunger
 Animate Skeleton         Necr           N/A          99%         1    #......
 Apportation              Tloc           #.....       99%         1    #......
 Confusing Touch          Hex            #.....       99%         1    #......
 Summon Small Mammal      Summ           #...         99%         1    #......
 Confuse                  Hex            #.......     100%        3    ###....
 Gell's Gravitas          Tloc           #.........   100%        3    ###....
 Petrify                  Tmut/Erth      #.......     100%        4    #####..
 Metabolic Englaciation   Hex/Ice        #.........   100%        5    ######.
 Yara's Violent Unravell  Hex/Tmut       #.........   100%        5    ######.


Dungeon Overview and Level Annotations

Branches:
Dungeon (5/15)             Temple (1/1) D:4

Altars:
Ashenzari
Dithmenos
Elyvilon
Gozag
Hepliaklqana
Kikubaaqudgha
Makhleb
Nemelex Xobeh
Qazlal
Ru
Sif Muna
Trog
Vehumet
Wu Jian
Xom
Yredelemnul
Zin
The Shining One


Innate Abilities, Weirdness & Mutations

You have extremely sharp teeth.
Your natural rate of healing is unusually fast.
When hurt, damage is shared between your health and your magic reserves.
Your bite disrupts and absorbs the magic of your enemies.
Potions cannot restore your health.
You are immune to rotting.


Message History

The orc priest is moderately wounded.
The orc priest looks encouraged for a moment.
You block the orc priest's attack.
Your shield and scale mail prevent you from hitting the orc priest.
The orc priest is moderately wounded.
The orc priest hits you with a +0 mace.
The orc wizard mumbles some strange words.
The orc wizard blinks!
You hit the orc wizard but do no damage.
The orc wizard points at you and mumbles some strange words.
The magic dart hits you!
The orc priest invokes the aid of Beogh against you.
Beogh smites you!
* * * LOW HITPOINT WARNING * * *
You hit the orc wizard.
The orc wizard is moderately wounded.
You block the orc wizard's attack.
The orc priest mumbles some strange prayers to Beogh against you.
Beogh smites you!
You die...

###.#############
.....oo@o........
..$..####.######
... ####.##### .
+........#####
###..........#
#..........#
#..........######
#..........'..รท..
#..........######


You could see 2 orc priests and an orc wizard.

Vanquished Creatures
  An ogre (D:4)
  A howler monkey (D:4)
  Jessica (D:2)
  An iguana (D:4)
  6 gnolls
  7 adders
  A shadow imp (D:4)
  2 worms
  5 dart slugs
  3 leopard geckos
  8 orcs
  A ball python (D:3)
  2 giant cockroaches
  13 goblins
  3 hobgoblins
  7 jackals
  4 quokkas
  11 bats
  4 frilled lizards
  11 kobolds
  A quokka skeleton (D:5)
  13 rats
106 creatures vanquished.

Notes
Turn   | Place    | Note
-------+----------+-------------------------------------------
     0 | D:1      | Murks the Vine Stalker Fighter began the quest for the Orb.
     0 | D:1      | Reached XP level 1. HP: 11/11 MP: 2/2
   111 | D:1      | Reached XP level 2. HP: 15/16 MP: 3/3
   391 | D:1      | Reached skill level 1 in Spellcasting
   394 | D:1      | Reached XP level 3. HP: 19/20 MP: 5/5
  1284 | D:1      | Gained mutation: Your natural rate of healing is unusually
                  | fast. [Vine Stalker growth]
  1284 | D:1      | Reached XP level 4. HP: 5/24 MP: 1/7
  1457 | D:2      | Found a burning altar of Makhleb.
  1458 | D:2      | Found a glowing golden altar of the Shining One.
  1483 | D:2      | Noticed Jessica
  1608 | D:2      | Killed Jessica
  1608 | D:2      | Reached XP level 5. HP: 28/28 MP: 8/8
  2308 | D:3      | Found a faded altar of an unknown god.
  2605 | D:3      | Reached XP level 6. HP: 25/33 MP: 8/10
  3283 | D:4      | Found a staircase to the Ecumenical Temple.
  3364 | Temple   | Entered the Ecumenical Temple
  3804 | D:5      | Entered Level 5 of the Dungeon
  3891 | D:5      | Killed from afar by an orc priest

Skill      XL: |  1  2  3  4  5  6 |
---------------+-------------------+-----
Short Blades   | 2 3 4 |  4.9
Spellcasting   | 1 2 3 |  3.1
Fighting       | 3 4 |  4.0
Armour         | |  2.4
Stealth        | |  0.1
Shields        | |  2.6

Action                   |  1- 3 |  4- 6 || total
-------------------------+-------+-------++-------
Melee: Rapier            |    88 |   245 ||   333
       Bite              |    19 |    65 ||    84
Throw: Throwing net      |       |     2 ||     2
  Use: Potion            |       |     1 ||     1
       Scroll            |       |     1 ||     1
 Stab: Sleeping          |       |     1 ||     1
       Held in net/web   |       |     1 ||     1
  Eat: Chunk             |       |    10 ||    10
Armor: Scale mail        |    28 |    86 ||   114
Dodge: Dodged            |    28 |    61 ||    89
Block: Shield            |    64 |   114 ||   178
